 Dungeon Crawl Stone Soup version 0.23-a0-309-ge7838e6 (webtiles) character file.

1864 tsouns the Sneak (level 9, -1/59 HPs)
             Began as an Octopode Wanderer on Oct 10, 2018.
             Was a Priest of Ru.
             Slain by a wyvern zombie (10 damage)
             ... on level 6 of the Dungeon on Oct 11, 2018.
             The game lasted 00:18:09 (5976 turns).

tsouns the Sneak (Octopode Wanderer)                Turns: 5976, Time: 00:18:09

Health: -1/59      AC:  1    Str: 13    XL:     9   Next: 13%
Magic:  15/15      EV: 14    Int: 17    God:    Ru [***...]
Gold:   276        SH:  0    Dex: 10    Spells: 12/17 levels left

rFire    . . .     SeeInvis .   g - +1 dagger (venom)
rCold    + . .     Gourm    .   (no shield)
rNeg     . . .     Faith    .   (helmet restricted)
rPois    .         Spirit   .   (no amulet)
rElec    .         Reflect  .   p - ring of protection from cold
rCorr    .         Harm     .   x - ring of stealth
MR       .....                  (no ring)
Stlth    +++++.....             (no ring)
HPRegen  0.19/turn              (no ring)
MPRegen  0.14/turn              (no ring)
                                (no ring)
                                (no ring)

@: no status effects
A: almost no armour, stealthy swim, amphibious, 8 rings, constrict 8, camouflage
1, gelatinous body 1, inability to use devices, missing an eye
a: Draw Out Power, Renounce Religion


You were on level 6 of the Dungeon.
You worshipped Ru.
Ru was most pleased with you.
You were not hungry.

You visited 1 branch of the dungeon, and saw 7 of its levels.

You collected 276 gold pieces.

Inventory:

Hand Weapons
 d - a +0 club
 g - a +1 dagger of venom (weapon)
Missiles
 c - 7 curare-tipped needles
 h - 108 stones (quivered)
 v - 8 tomahawks
Jewellery
 p - a ring of protection from cold (left tentacle)
 x - a ring of stealth (right tentacle)
Scrolls
 b - a scroll of blinking
 e - a scroll of fog
 i - a scroll of amnesia
 j - a scroll of remove curse
 k - 3 scrolls of teleportation
Potions
 l - 3 potions of flight
 m - a potion of might
 n - a potion of brilliance
 o - a potion of curing
 s - a potion of mutation
 t - 2 potions of degeneration {unknown}
Miscellaneous
 a - a fan of gales
Comestibles
 f - 13 rations
 q - 5 chunks of flesh


   Skills:
 + Level 4.7 Fighting
 + Level 4.6 Short Blades
 + Level 4.7 Dodging
 + Level 6.8 Stealth
   Level 1.0 Shields
 - Level 4.5 Spellcasting
 - Level 3.0 Conjurations
   Level 1.0 Hexes
 - Level 1.7 Summonings
 - Level 4.4 Poison Magic


You had 12 spell levels left.
You knew the following spells:

 Your Spells              Type           Power        Failure   Level  Hunger
a - Sting                 Conj/Pois      ###.         3%          1    None
b - Summon Butterflies    Summ           #.......     8%          1    None
c - Spider Form           Tmut/Pois      ##........   19%         3    ###....

Your spell library contained the following spells:

 Spells                   Type           Power        Failure   Level  Hunger
 Recall                   Summ/Tloc      N/A          30%         3    ###....


Dungeon Overview and Level Annotations

Branches:
Dungeon (7/15)
 Temple: D:4-7

Altars:
Ashenzari
Nemelex Xobeh
Okawaru
Qazlal
Ru
Vehumet
Wu Jian
Xom

Shops:
D:4 %

Annotations:
D:7 2 transporters, Nib's ghost, novice CeHu


Innate Abilities, Weirdness & Mutations

You cannot wear most types of armour.
You are very stealthy in the water. (Stealth+)
You are amphibious.
You can wear up to eight rings at the same time.
You can use your tentacles to constrict eight enemies at once.
Your skin changes colour to match your surroundings (Stealth+).
Your rubbery body absorbs attacks. (AC +1, EV +1)
You cannot study or use magical devices.
You are missing an eye, making it more difficult to aim.


Message History

* * * LOW HITPOINT WARNING * * *
You hit the wyvern zombie.
You squeeze the wyvern zombie, but do no damage.
The wyvern zombie is severely damaged.
The wyvern zombie closely misses you.
You closely miss the wyvern zombie.
The wyvern zombie is severely damaged.
The wyvern zombie is stunned by your will and fails to attack.
You hit the wyvern zombie but do no damage.
The wyvern zombie is severely damaged.
The wyvern zombie bites you.
* * * LOW HITPOINT WARNING * * *
You closely miss the wyvern zombie.
The wyvern zombie is severely damaged.
The wyvern zombie bites you.
* * * LOW HITPOINT WARNING * * *
You feel better. The wyvern zombie bites you!
* * * LOW HITPOINT WARNING * * *
The wyvern zombie bites you!
You die...

....... ..... .......
....... #..####..$....
####### ###..##........
#..)..........#
#.............#
########............##
####......#...........##
.....####........[..#<...
.##### ###.....@##.# ###
## #.....Z...#
#########.# ... ###


You could see a wyvern zombie.

Vanquished Creatures
  Grinder (D:4)
  A hippogriff (D:7)
  Sigmund (D:3)
  Eustachio (D:4)
  An orc warrior (D:7)
  A black bear (D:7)
  A phantom (D:5)
  A sky beast (D:5)
  A centaur (D:6)
  A bullfrog (D:6)
  A scorpion (D:7)
  A howler monkey (D:4)
  3 crimson imps
  2 hounds
  A jelly (D:6)
  A centaur skeleton (D:6)
  An iguana (D:6)
  4 orc wizards
  2 worker ants
  Robin (D:3)
  7 gnolls
  6 adders
  A shadow imp (D:7)
  An ooze (D:1)
  2 adder skeletons
  4 worms
  A dart slug (D:1)
  5 leopard geckos
  22 orcs
  A ball python (D:5)
  7 bats
  5 giant cockroaches
  12 goblins
  10 hobgoblins
  6 jackals
  8 kobolds
  5 quokkas
  5 frilled lizards
  A jackal zombie (D:5)
  8 rats
144 creatures vanquished.

Notes
Turn   | Place    | Note
-------+----------+-------------------------------------------
     0 | D:1      | tsouns the Octopode Wanderer began the quest for the Orb.
     0 | D:1      | tsouns set off with: a fan of gales, a +0 club, a ration
     0 | D:1      | Reached XP level 1. HP: 11/11 MP: 3/3
     2 | D:1      | Learned a level 1 spell: Sting
     4 | D:1      | Learned a level 1 spell: Summon Butterflies
    75 | D:1      | Reached XP level 2. HP: 17/17 MP: 0/5
   268 | D:1      | Reached XP level 3. HP: 14/22 MP: 0/6
   306 | D:1      | Learned a level 3 spell: Spider Form
   823 | D:2      | Reached skill level 1 in Summonings
   834 | D:2      | Reached skill level 1 in Stealth
   924 | D:2      | Reached skill level 1 in Fighting
   924 | D:2      | Reached skill level 1 in Dodging
  1047 | D:2      | Reached XP level 4. HP: 28/28 MP: 3/7
  1136 | D:2      | Found a stormy altar of Qazlal.
  1146 | D:2      | Found a sacrificial altar of Ru.
  1747 | D:3      | Found a faded altar of an unknown god.
  1775 | D:3      | Became a worshipper of Ru the Awakened
  1782 | D:3      | Gained mutation: You cannot study or use magical devices.
                  | [Ru sacrifice]
  1782 | D:3      | Reached * piety under Ru
  1782 | D:3      | Reached ** piety under Ru
  1809 | D:3      | Reached skill level 1 in Short Blades
  2124 | D:3      | Noticed Sigmund
  2140 | D:3      | Killed Sigmund
  2140 | D:3      | Reached skill level 2 in Stealth
  2140 | D:3      | Reached XP level 5. HP: 28/34 MP: 0/9
  2140 | D:3      | Reached XP level 6. HP: 32/39 MP: 0/10
  2189 | D:3      | Found an iron altar of Okawaru.
  2249 | D:3      | Noticed Robin
  2278 | D:3      | Killed Robin
  3092 | D:4      | Reached skill level 3 in Stealth
  3158 | D:4      | Reached XP level 7. HP: 22/45 MP: 6/11
  3444 | D:4      | Noticed Eustachio
  3482 | D:4      | Killed Eustachio
  3604 | D:4      | Found a radiant altar of Vehumet.
  3665 | D:4      | Found Peisacsa's Food Shop.
  3692 | D:4      | Upgraded the game from 0.23-a0-307-gc3b755d to
                  | 0.23-a0-309-ge7838e6
  3756 | D:4      | Found an ornate altar of the Wu Jian Council.
  3762 | D:4      | Found a shattered altar of Ashenzari.
  3865 | D:4      | Noticed Grinder
  3877 | D:4      | Killed Grinder
  3877 | D:4      | Reached skill level 4 in Stealth
  3972 | D:5      | Entered Level 5 of the Dungeon
  3984 | D:5      | Reached XP level 8. HP: 46/52 MP: 13/13
  4101 | D:5      | Gained mutation: You are missing an eye, making it more
                  | difficult to aim. [Ru sacrifice]
  4101 | D:5      | Reached *** piety under Ru
  4121 | D:5      | Reached skill level 5 in Stealth
  4530 | D:5      | You fall through a shaft for 2 floors!
  4530 | D:7      | Noticed a hippogriff
  4597 | D:7      | Killed a hippogriff
  4875 | D:7      | Found a shimmering altar of Xom.
  5036 | D:7      | Found a sparkling altar of Nemelex Xobeh.
  5130 | D:7      | Found a transporter.
  5132 | D:7      | Noticed a two-headed ogre
  5132 | D:7      | Noticed Nib's ghost (novice CeHu)
  5159 | D:7      | Reached skill level 6 in Stealth
  5198 | D:7      | Found a transporter.
  5400 | D:7      | Reached XP level 9. HP: 29/59 MP: 15/15
  5976 | D:6      | Slain by a wyvern zombie

Vault maps used:
D:1:      noname_arrival_rooms_in_the_neighbourhood, minmay_misc_feat_doors,
          st_stairs_12
D:2:      minitemple
D:3:      lemuel_round_altar, chequers_ecumenical_altar_twisty,
          minmay_misc_feat_four_crosses, uniq_robin, uniq_sigmund
D:4:      old_standard_altar, amethyst_overflow_temple_binary, serial_shops,
          shop, uniq_eustachio, uniq_grinder
D:5:      cheibrodos_helix_gallery, first_ration
D:6:      kennysheep_mini_moat, makhleb_heckhound_becter
D:7:      lemuel_doored_altar, lemuel_crystal_altar, minmay_temple_entry_fiery,
          gammafunk_ghost_smash, dk_vineyard_1

Skill      XL: |  1  2  3  4  5  6  7  8 |
---------------+-------------------------+-----
Summonings     | 1 |  1.7
Stealth        | 1 2 3 4 6 |  6.8
Fighting       | 1 2 3 4 |  4.7
Dodging        | 1 2 3 4 |  4.7
Poison Magic   | 4 |  4.4
Evocations     | 0 |  0.0
Short Blades   | 1 2 3 4 |  4.6
Conjurations   | 3 |  3.0
Spellcasting   | 3 4 |  4.5
Shields        | |  1.0
Hexes          | |  1.0

Action                   |  1- 3 |  4- 6 |  7- 9 || total
-------------------------+-------+-------+-------++-------
Melee: Club              |    14 |       |       ||    14
       Constrict         |    10 |    21 |    37 ||    68
       Tentacles         |     8 |    11 |    36 ||    55
       Dagger            |    31 |    70 |   242 ||   343
       Unarmed           |       |       |     5 ||     5
 Cast: Sting             |    39 |    70 |    18 ||   127
       Summon Butterflie |       |     1 |       ||     1
       Spider Form       |       |       |     1 ||     1
Invok: Sacrifice Artific |       |     1 |       ||     1
       Sacrifice an Eye  |       |       |     1 ||     1
  Use: Scroll            |       |    10 |     5 ||    15
       Potion            |       |       |     5 ||     5
 Stab: Sleeping          |     3 |     1 |    13 ||    17
       Distracted        |       |       |     1 ||     1
  Eat: Chunk             |     1 |     7 |     6 ||    14
       Ration            |       |       |     1 ||     1
Armor: Skin              |     7 |       |    11 ||    18
Dodge: Dodged            |    32 |    30 |   157 ||   219

Table legend:
 A = Non-vault XP
 B = Vault XP
 C = Vault XP percentage of total XP
 D = Non-vault monster count
 E = Vault monster count
 F = Vault count percentage of total count
                 A         B        C        D         E       F
            +---------+---------+-------+---------+---------+-------
      Total |    1940 |     724 |  27.2 |     126 |      18 |  12.5
            +---------+---------+-------+---------+---------+-------
        D:1 |      52 |       2 |   3.7 |      26 |       1 |   3.7
        D:2 |      58 |       0 |   0.0 |      13 |       0 |   0.0
        D:3 |     102 |     260 |  71.8 |      21 |      13 |  38.2
        D:4 |     208 |     459 |  68.8 |      14 |       2 |  12.5
        D:5 |     395 |       3 |   0.8 |      12 |       2 |  14.3
        D:6 |     470 |       0 |   0.0 |      16 |       0 |   0.0
        D:7 |     655 |       0 |   0.0 |      24 |       0 |   0.0
            +---------+---------+-------+---------+---------+-------
